[Event "NED-ch U14 Youth 2019"]
[Site "Assen"]
[Date "2019.04.28"]
[Round "1.1"]
[White "Pham, Khoi"]
[Black "Slagboom, Leandro"]
[Result "1/2-1/2"]
[ECO "E04"]
[WhiteElo "2140"]
[BlackElo "1738"]
[Annotator "NA"]
[PlyCount "38"]
[EventDate "2019.04.27"]
[EventType "swiss"]
[EventCountry "NED"]
[SourceTitle "playchess.com"]
[Source "ChessBase"]
[SourceQuality "1"]
[TimeControl "5400+30"]

1. d4 d5 2. c4 c6 3. Nc3 Nf6 4. Nf3 e6 5. g3 dxc4 6. Bg2 b5 7. Ne5 Qb6 8. O-O Bb7 9. e4 Nbd7 10. Bf4 Be7 11. d5 Nxe5 12. Bxe5 cxd5 13. exd5 O-O 14. Bd4 Qa6 15. dxe6 Bxg2 16. Bxf6 Bxf1 17. Bxe7 Qb7 18. Nd5 fxe6 19. Bxf8 Rxf8 1/2-1/2

[Event "NED-ch U14 Youth 2019"]
[Site "Assen"]
[Date "2019.04.28"]
[Round "1.2"]
[White "Shadrin, Mitia"]
[Black "Roebers, Eline"]
[Result "1-0"]
[ECO "C00"]
[WhiteElo "1692"]
[BlackElo "2077"]
[Annotator "NA"]
[PlyCount "87"]
[EventDate "2019.04.27"]
[EventType "swiss"]
[EventCountry "NED"]
[SourceTitle "playchess.com"]
[Source "ChessBase"]
[SourceQuality "1"]
[TimeControl "5400+30"]

1. e4 c5 2. Nf3 e6 3. d3 Nc6 4. g3 Nf6 5. Bg2 d5 6. Nbd2 Be7 7. O-O O-O 8. Re1 b5 9. e5 Nd7 10. Nf1 f6 11. exf6 Bxf6 12. Ne3 Nb6 13. Ng4 Bd7 14. h4 Nd4 15. Nfe5 Be8 16. c3 Nf5 17. Nxf6+ gxf6 18. Nf3 Bf7 19. g4 Nd6 20. Nh2 Nd7 21. g5 Nf5 22. Ng4 Nxh4 23. gxf6 Nf5 24. Bg5 Kh8 25. f4 Rg8 26. Qf3 Rg6 27. Qh3 Kg8 28. Kf2 h6 29. Rh1 Kf8 30. Nxh6 Nxf6 31. Nxf5 exf5 32. Qxf5 Qc8 33. Rh8+ Ng8 34. Qe5 Qe6 35. Qc7 Rc8 36. Qxa7 Re8 37. Qxc5+ Kg7 38. Qd4+ Nf6 39. Rxe8 Bxe8 40. Re1 Qf7 41. Bxd5 Qd7 42. Bxf6+ Rxf6 43. Rg1+ Bg6 44. Rxg6+ 1-0

[Event "NED-ch U14 Youth 2019"]
[Site "Assen"]
[Date "2019.04.28"]
[Round "1.4"]
[White "Jakhari, Ansh"]
[Black "Brandsma, Romayn"]
[Result "0-1"]
[ECO "B07"]
[WhiteElo "1630"]
[BlackElo "1958"]
[Annotator "NA"]
[PlyCount "78"]
[EventDate "2019.04.27"]
[EventType "swiss"]
[EventCountry "NED"]
[SourceTitle "playchess.com"]
[Source "ChessBase"]
[SourceQuality "1"]
[TimeControl "5400+30"]

1. e4 d6 2. d4 Nf6 3. Nc3 e5 4. dxe5 dxe5 5. Qxd8+ Kxd8 6. Bg5 Be6 7. O-O-O+ Nbd7 8. f4 {[%emt 0:01:39] B07: Pirc Defence: Miscellaneous Systems} (8. g3 Kc8 9. f4 h6 10. Bxf6 Nxf6 11. Nf3 exf4 12. gxf4 Bg4 13. Be2 Bc5 14. Kb1 Rd8 15. h3 Rxd1+ 16. Rxd1 Bxh3 17. Ne5 c6 18. Nxf7 Kc7 {1-0 (32) Tari,A (2593)-Plat,V (2567) Katowice 2017}) 8... h6 9. Bxf6+ gxf6 10. f5 Bxa2 $146 ({Predecessor:} 10... Bc5 11. fxe6 fxe6 12. Bc4 Ke7 13. Nf3 Rhg8 14. g3 a6 15. a3 Bd6 {1-0 (44) Rodshtein,T (2263)-Gitu,P (1949) Mamaia 2016}) 11. Nxa2 c6 12. Bc4 Rh7 13. Nf3 Kc7 14. h4 b5 15. Bd3 a5 16. g4 Bc5 17. g5 hxg5 18. hxg5 Rxh1 19. Rxh1 fxg5 20. Kd2 g4 21. Ne1 a4 22. Ng2 $14 b4 23. Bc4 Nf6 24. Re1 Rd8+ 25. Kc1 Rh8 26. Bd3 Rh2 27. Re2 g3 28. Ne1 Ng4 29. c3 Bf2 30. Nf3 Rh1+ 31. Kd2 g2 32. Nxb4 Nh2 33. Ng1 Rxg1 34. Rxf2 Rd1+ 35. Kxd1 g1=Q+ 36. Ke2 Ng4 37. Rf1 Qg2+ 38. Ke1 Qxb2 39. Na6+ Kd8 0-1

[Event "NED-ch U14 Youth 2019"]
[Site "Assen"]
[Date "2019.04.28"]
[Round "1.5"]
[White "Bleeker, Kasper"]
[Black "Catalan, Ciro"]
[Result "1-0"]
[ECO "B35"]
[WhiteElo "1932"]
[BlackElo "1599"]
[Annotator "NA"]
[PlyCount "97"]
[EventDate "2019.04.27"]
[EventType "swiss"]
[EventCountry "NED"]
[SourceTitle "playchess.com"]
[Source "ChessBase"]
[SourceQuality "1"]
[TimeControl "5400+30"]

1. e4 c5 2. Nf3 g6 3. d4 cxd4 4. Nxd4 Nc6 5. Nc3 Bg7 6. Be3 Nf6 7. Bc4 O-O 8. f3 Qb6 9. Bb3 Qb4 10. O-O d6 11. a3 Qa5 12. Qd2 Nd7 13. Rad1 Nde5 14. Nd5 Qd8 15. h3 Na5 16. Nxe7+ Kh8 17. Nd5 Nec4 18. Qe2 Nxe3 19. Qxe3 Nxb3 20. Qxb3 Qd7 21. c3 b6 22. Nb5 Ba6 23. Ndc7 Bxb5 24. Nxb5 Rfd8 25. Qd5 Bf8 26. e5 Qc8 27. Nxd6 Bxd6 28. exd6 Qc5+ 29. Qxc5 bxc5 30. Rfe1 Rd7 31. Rd5 Rc8 32. Re7 Rcd8 33. Rxc5 Kg8 34. Rc7 Rxd6 35. Rxf7 Rd2 36. Rg7+ Kf8 37. Rxh7 Kg8 38. Rcg7+ Kf8 39. Rxa7 Kg8 40. Rhg7+ Kf8 41. Rxg6 Rxb2 42. h4 Rd1+ 43. Kh2 Rd3 44. Rc6 Rd8 45. h5 Kg8 46. h6 Rf8 47. Rg6+ Kh8 48. Rgg7 Re8 49. Rh7+ 1-0

[Event "NED-ch U14 Youth 2019"]
[Site "Assen"]
[Date "2019.04.28"]
[Round "1.6"]
[White "Arnold, Lorin"]
[Black "Van der Hagen, Loek"]
[Result "1/2-1/2"]
[ECO "B23"]
[WhiteElo "1598"]
[BlackElo "1931"]
[Annotator "NA"]
[PlyCount "45"]
[EventDate "2019.04.27"]
[EventType "swiss"]
[EventCountry "NED"]
[SourceTitle "playchess.com"]
[Source "ChessBase"]
[SourceQuality "1"]
[TimeControl "5400+30"]

1. e4 c5 2. Nc3 Nc6 3. f4 g6 4. Nf3 Bg7 5. Bc4 e6 6. O-O Nge7 7. Qe1 O-O 8. d3 d5 9. Bb3 a6 10. a4 b6 {[%emt 0:02:38] B23: Closed Sicilian: Lines without g3} 11. Qh4 Bb7 12. f5 exf5 13. Bh6 $146 ({Predecessor:} 13. Bg5 fxe4 14. dxe4 Qd7 15. Nxd5 Nxd5 16. Bxd5 Nd4 17. Be7 Bxd5 18. Bxf8 Rxf8 19. exd5 Nxf3+ 20. Rxf3 Bxb2 {0-1 (40) Heyne,L (1905)-Wagner,D (2199) playchess.com INT 2011}) 13... Nd4 14. Ng5 f6 15. exd5 Nxd5 16. Bxg7 fxg5 17. Qh6 Rf7 18. Bxd4 cxd4 19. Ne2 Qf6 20. Ng3 $15 (20. h4 $5) 20... Ne3 21. Nh5 Qh8 22. Qxg5 Bd5 23. Bxd5 1/2-1/2

[Event "NED-ch U14 Youth 2019"]
[Site "Assen"]
[Date "2019.04.28"]
[Round "1.7"]
[White "Labruyere, Roger"]
[Black "Van Kuijk, Vadim"]
[Result "1-0"]
[ECO "B33"]
[WhiteElo "1922"]
[BlackElo "1589"]
[Annotator "NA"]
[PlyCount "55"]
[EventDate "2019.04.27"]
[EventType "swiss"]
[EventCountry "NED"]
[SourceTitle "playchess.com"]
[Source "ChessBase"]
[SourceQuality "1"]
[TimeControl "5400+30"]

1. e4 c5 2. Nf3 Nc6 3. d4 cxd4 4. Nxd4 Nf6 5. Nc3 e5 6. Ndb5 d6 7. Bg5 a6 8. Na3 b5 9. Nd5 Be7 10. Bxf6 Bxf6 11. c4 Qa5+ 12. Qd2 Qxd2+ 13. Kxd2 Bg5+ 14. Ke1 O-O 15. cxb5 axb5 16. Nxb5 Rb8 17. g3 Ba6 18. Nxd6 Bxf1 19. Kxf1 Rxb2 20. Kg2 f5 21. h4 fxe4 22. hxg5 Rfxf2+ 23. Kh3 Nd4 24. Rac1 h6 25. g6 Ne6 26. Rc8+ Nf8 27. Ne7+ Kh8 28. Nf7+ 1-0

[Event "NED-ch U14 Youth 2019"]
[Site "Assen"]
[Date "2019.04.28"]
[Round "1.8"]
[White "Bakija, Alan"]
[Black "Kutchoukov, Daniel"]
[Result "1/2-1/2"]
[ECO "E01"]
[WhiteElo "1580"]
[BlackElo "1862"]
[Annotator "NA"]
[PlyCount "62"]
[EventDate "2019.04.27"]
[EventType "swiss"]
[EventCountry "NED"]
[SourceTitle "playchess.com"]
[Source "ChessBase"]
[SourceQuality "1"]
[TimeControl "5400+30"]

1. Nf3 Nf6 2. g3 e6 3. Bg2 d5 4. O-O Bd6 5. d4 O-O 6. c4 c6 7. c5 {[%emt 0:02:21] E01: Catalan: Early deviations} (7. Qc2 Nbd7 8. Nbd2 Re8 9. Rd1 h6 10. e4 e5 11. exd5 cxd5 12. cxd5 e4 13. Nh4 Nb6 14. Nxe4 Bg4 15. f3 Nxe4 16. fxg4 Bxg3 17. hxg3 Nxg3 {½-½ (32) Galliamova,A (2443)-Gunina,V (2510) St Petersburg 2017}) 7... Bc7 8. Nc3 Nbd7 9. Bf4 b6 10. b4 Bb7 $146 ({Predecessor:} 10... Re8 11. Bxc7 Qxc7 12. Rc1 bxc5 13. dxc5 Rb8 14. Qa4 e5 15. e3 a5 {0-1 (76) Kuhlenbaeumer,W (1975)-Lemli,T (1958) Germany 2009}) 11. Ne5 Nxe5 12. Bxe5 Bxe5 13. dxe5 Nd7 14. Qd4 f6 15. exf6 Qxf6 16. Qxf6 Rxf6 17. Na4 e5 18. e3 Raf8 19. f3 Ba6 20. Rfe1 Bb5 21. Nc3 bxc5 $11 22. Nxb5 cxb5 23. bxc5 Nxc5 24. Red1 Rd6 25. Rac1 Na6 26. f4 exf4 27. Bxd5+ Kh8 28. gxf4 Nb4 29. Bb3 Rg6+ 30. Kf2 Rh6 31. Kg1 Rg6+ 1/2-1/2

[Event "NED-ch U14 Youth 2019"]
[Site "Assen"]
[Date "2019.04.28"]
[Round "1.9"]
[White "Boghossian, Wahe"]
[Black "De Heij, Mees"]
[Result "1-0"]
[ECO "B59"]
[WhiteElo "1820"]
[BlackElo "1524"]
[Annotator "NA"]
[PlyCount "69"]
[EventDate "2019.04.27"]
[EventType "swiss"]
[EventCountry "NED"]
[SourceTitle "playchess.com"]
[Source "ChessBase"]
[SourceQuality "1"]
[TimeControl "5400+30"]

1. e4 c5 2. Nf3 Nc6 3. d4 cxd4 4. Nxd4 Nf6 5. Nc3 e5 6. Nb3 d6 7. Be2 Be7 8. O-O O-O 9. Be3 Be6 10. f4 exf4 11. Bxf4 $11 h6 12. Kh1 Ne5 13. Nd4 Ng6 14. Nxe6 fxe6 15. Bg3 e5 16. Bc4+ Kh7 17. Qe2 Qb6 18. Rab1 Rac8 19. Be6 Rcd8 20. Bf5 Qa6 21. Qd1 Qb6 22. h4 Qe3 23. Bf2 Nxe4 24. Bxg6+ Kxg6 25. Qg4+ Qg5 26. hxg5 Nxf2+ 27. Rxf2 Rxf2 28. Qe6+ Bf6 29. gxf6 Rxf6 30. Qg4+ Kh7 31. Rd1 Rdf8 32. Nd5 Rg6 33. Qe4 Rf7 34. Rd3 b6 35. Rg3 1-0

[Event "NED-ch U14 Youth 2019"]
[Site "Assen"]
[Date "2019.04.28"]
[Round "1.10"]
[White "Dekker, Thiemen"]
[Black "Van Arendonk, Polle"]
[Result "1/2-1/2"]
[ECO "C01"]
[WhiteElo "1521"]
[BlackElo "1803"]
[Annotator "NA"]
[PlyCount "92"]
[EventDate "2019.04.27"]
[EventType "swiss"]
[EventCountry "NED"]
[SourceTitle "playchess.com"]
[Source "ChessBase"]
[SourceQuality "1"]
[TimeControl "5400+30"]

1. e4 e6 2. d4 d5 3. exd5 exd5 4. c4 c6 5. Nc3 Nf6 6. Bd3 Be7 7. Nf3 O-O 8. O-O dxc4 9. Bxc4 Bg4 10. Be3 Nbd7 11. h3 Bh5 12. g4 Bg6 13. d5 cxd5 14. Nxd5 Be4 15. Nxe7+ Qxe7 16. g5 Ne8 17. Bd5 Nd6 18. Bxe4 Nxe4 19. Qd5 b6 20. Rfe1 Rfe8 21. Rac1 Nf8 22. Rc4 Rad8 23. Qc6 Rd6 24. Qc7 Qxc7 25. Rxc7 Rd7 26. Rxd7 Nxd7 27. Bf4 f6 28. gxf6 Ndxf6 29. Ng5 Nxg5 30. Rxe8+ Nxe8 31. Bxg5 Kf7 32. Kg2 Nd6 33. Kf3 Ke6 34. Be3 Kf5 35. a4 Nc4 36. Bd4 g5 37. b4 h5 38. Kg3 a6 39. b5 axb5 40. axb5 Ke4 41. Bf6 Kf5 42. Bd8 Nd6 43. Bxb6 Nxb5 44. h4 g4 45. f3 gxf3 46. Kxf3 Nd6 1/2-1/2

[Event "NED-ch U14 Youth 2019"]
[Site "Assen"]
[Date "2019.04.28"]
[Round "1.11"]
[White "Van Foreest, Nanne"]
[Black "Franke, Daniel"]
[Result "0-1"]
[ECO "B33"]
[WhiteElo "1790"]
[BlackElo "1465"]
[Annotator "NA"]
[PlyCount "123"]
[EventDate "2019.04.27"]
[EventType "swiss"]
[EventCountry "NED"]
[SourceTitle "playchess.com"]
[Source "ChessBase"]
[SourceQuality "1"]
[TimeControl "5400+30"]

1. e4 c5 2. Nf3 Nc6 3. d4 cxd4 4. Nxd4 e5 5. Nb5 d6 6. N1c3 a6 7. Na3 Nf6 8. Bg5 Be7 9. Bxf6 Bxf6 10. Nd5 Be6 11. Nc4 O-O 12. Nxd6 Bxd5 13. Qxd5 Nb4 14. Qd2 Nxc2+ 15. Qxc2 Qxd6 16. Be2 Qb4+ 17. Qd2 Qxe4 18. O-O Rfd8 19. Qe1 Qc2 20. Rb1 Rac8 21. Bf3 Qc7 22. Qe3 Qe7 23. Rfe1 b5 24. Qb6 Rd6 25. Qa5 Qd8 26. Qa3 Qb6 27. Rbc1 Rcd8 28. Be4 Rd2 29. Rf1 Qd4 30. Bc2 Re2 31. Rcd1 Rd2 32. Rc1 Re2 33. Qxa6 Bg5 34. Qxb5 Rxf2 35. Rxf2 Bxc1 36. Kf1 g6 37. Qb3 Rd7 38. Qa4 Qd5 39. b4 Qc4+ 40. Kg1 Qc3 41. g3 Rd8 42. Qa7 Rf8 43. Re2 Qf3 44. Rxe5 Qc3 45. Qc5 Qxc5+ 46. Rxc5 Be3+ 47. Kg2 Bxc5 48. bxc5 Rc8 49. a4 Rxc5 50. Bd3 Kg7 51. Kf3 Rc3 52. Ke4 Rb3 53. Bb5 f5+ 54. Kd5 Rb2 55. h3 Rb3 56. g4 f4 57. Ke4 f3 58. Bd3 f2 59. Be2 Rb1 60. a5 f1=Q 61. Bxf1 Rxf1 62. Kd4 0-1

[Event "NED-ch U14 Youth 2019"]
[Site "Assen"]
[Date "2019.04.28"]
[Round "1.12"]
[White "De Putter, Sven"]
[Black "Yeh, Timo"]
[Result "0-1"]
[ECO "C58"]
[WhiteElo "1381"]
[BlackElo "1783"]
[Annotator "NA"]
[PlyCount "36"]
[EventDate "2019.04.27"]
[EventType "swiss"]
[EventCountry "NED"]
[SourceTitle "playchess.com"]
[Source "ChessBase"]
[SourceQuality "1"]
[TimeControl "5400+30"]

1. e4 e5 2. Nf3 Nc6 3. Bc4 Nf6 4. Ng5 d5 5. exd5 Na5 6. Bb5+ c6 7. dxc6 bxc6 8. Qf3 Be7 9. Bxc6+ Nxc6 10. Qxc6+ Bd7 11. Qf3 O-O 12. O-O Bg4 13. Qg3 Qd7 14. d3 Nh5 15. Qe3 Nf4 16. Ne4 f5 17. Nc5 Qd5 18. Qg3 Ne2+ 0-1

[Event "NED-ch U14 Youth 2019"]
[Site "Assen"]
[Date "2019.04.28"]
[Round "1.13"]
[White "Bartels, Vladimir"]
[Black "Tiggelman, Vincent"]
[Result "1-0"]
[ECO "B11"]
[WhiteElo "1748"]
[BlackElo "1378"]
[Annotator "NA"]
[PlyCount "35"]
[EventDate "2019.04.27"]
[EventType "swiss"]
[EventCountry "NED"]
[SourceTitle "playchess.com"]
[Source "ChessBase"]
[SourceQuality "1"]
[TimeControl "5400+30"]

1. e4 c6 2. Nc3 d5 3. Nf3 dxe4 4. Nxe4 Bf5 5. Ng3 Bg6 6. h4 h6 7. Ne5 Nf6 8. Nxg6 fxg6 9. d4 e6 10. Bd3 Qe7 11. Bxg6+ Kd8 12. O-O Nbd7 13. Re1 Qd6 14. Bf7 Qc7 15. Bxe6 Kc8 16. Qf3 Qb6 17. Bxd7+ Nxd7 18. Re8+ 1-0

[Event "NED-ch U14 Youth 2019"]
[Site "Assen"]
[Date "2019.04.29"]
[Round "2.1"]
[White "Brandsma, Romayn"]
[Black "Bartels, Vladimir"]
[Result "1-0"]
[ECO "C53"]
[WhiteElo "1958"]
[BlackElo "1748"]
[Annotator "NA RC"]
[PlyCount "57"]
[EventDate "2019.04.28"]
[EventType "swiss"]
[EventCountry "NED"]
[SourceTitle "playchess.com"]
[Source "ChessBase"]
[SourceQuality "1"]
[TimeControl "5400+30"]

1. e4 e5 2. Nf3 Nc6 3. d4 exd4 4. Bc4 Bc5 5. c3 d6 6. cxd4 Bb4+ 7. Nc3 Nf6 8. d5 Ne5 $2 {[%emt 0:06:15] C53: Giuoco Piano sidelines} (8... Bxc3+ $1 $14 9. bxc3 Ne7 10. Qd4 O-O 11. Bg5 Nd7 12. Bxe7 Qxe7 13. O-O f6 14. Rae1 a6 15. Bb3 Kh8 16. Nd2 {½-½ (28) Nordenbaek,J (2252)-Glud,J (2496) Denmark 2011}) 9. Qa4+ {[%emt 0:01:40] Double Attack} c6 10. Qxb4 a5 11. Qb3 a4 12. Qb4 ({Don't take} 12. Nxa4 b5 $18) 12... c5 13. Bb5+ {[%emt 0:00:14] Double Attack} Nfd7 $146 ({Predecessor:} 13... Kf8 14. Qa3 Nfd7 15. Nxe5 Nxe5 16. Bf4 {1-0 (38) Gonzalez Pruneda,A (2131)-Birkisson,B (1845) Reykjavik 2015}) 14. Qa3 O-O 15. Bf4 Nxf3+ 16. gxf3 Nb6 17. Ne2 Qf6 18. Qc3 Qxc3+ 19. Nxc3 Rd8 20. Bd3 Ra5 21. Kd2 h6 22. Rag1 c4 23. Bc2 a3 24. Bxh6 Kh7 25. Bxg7 axb2 26. e5+ f5 27. exf6+ Kg8 28. Bh6+ Kf7 $18 29. Bg6+ 1-0

[Event "NED-ch U14 Youth 2019"]
[Site "Assen"]
[Date "2019.04.29"]
[Round "2.2"]
[White "Yeh, Timo"]
[Black "Bleeker, Kasper"]
[Result "1-0"]
[ECO "D02"]
[WhiteElo "1783"]
[BlackElo "1932"]
[Annotator "NA RC"]
[PlyCount "85"]
[EventDate "2019.04.28"]
[EventType "swiss"]
[EventCountry "NED"]
[SourceTitle "playchess.com"]
[Source "ChessBase"]
[SourceQuality "1"]
[TimeControl "5400+30"]

1. d4 d5 2. Nf3 Nf6 3. Bf4 Bf5 4. e3 e6 5. c4 Bd6 6. Bg3 {[%emt 0:00:06] D02: 1 d4 d5 2 Nf3 sidelines, including 2...Nf6 3 g3 and 2...Nf6 3 Bf4} O-O 7. c5 (7. Nc3 c6 8. Qb3 Bxg3 9. hxg3 Nbd7 10. Be2 Rb8 11. a4 h6 12. O-O a5 13. Rfd1 {½-½ (37) Kamsky,G (2666)-Matlakov,M (2700) St Petersburg 2018}) 7... Be7 $146 ({Predecessor:} 7... Bxg3 8. hxg3 h6 9. Be2 Nbd7 10. O-O c6 11. Nbd2 Re8 12. Nh4 Bh7 13. b4 {½-½ (42) Cibikova,S (1582)-Sosovicka,J (1758) Kouty nad Desnou 2015}) 8. Nc3 b6 9. b4 a5 10. a3 $1 axb4 11. axb4 Nc6 12. Ra4 $1 Rxa4 13. Qxa4 Qa8 14. Bxc7 bxc5 15. bxc5 Qb7 16. Bb6 $2 (16. Bb5 $11 {and White is okay.}) 16... Ra8 17. Qd1 Nb4 18. Bb5 Ra1 19. Qxa1 Nc2+ 20. Kd2 Nxa1 21. Rxa1 Bd8 (21... Bf8 $142 22. Ra7 Qc8) 22. Ne5 ({Weaker is} 22. Bxd8 Ne4+ 23. Nxe4 Qxb5 $17) 22... Bxb6 23. Bc6 Ne4+ 24. Kc1 Qe7 25. cxb6 h6 26. Ra8+ $2 (26. Nxe4 $18 Qb4 27. b7 (27. Ra8+ Kh7 $18) 27... Bxe4 {[#]} 28. b8=Q+ $1 (28. Ra8+) 28... Qxb8 29. Ra8 Qxa8 30. Bxa8) 26... Kh7 {[%emt 0:00:04] [#]} 27. Na2 ({Reject} 27. b7 $6 Qb4 $11) ({White has to play} 27. Nxe4 $1 $16 Bxe4 28. f3 (28. b7 Qb4 $11)) 27... Qh4 $2 (27... Nd6 $11 28. g3 Bg6) 28. b7 Qxf2 29. b8=Q Qd2+ 30. Kb1 Nc3+ 31. Ka1 Qd1+ 32. Kb2 Qc2+ 33. Ka3 Qxa2+ 34. Kb4 Qb2+ 35. Ka5 Qa3+ 36. Kb6 Qb4+ 37. Kc7 Qe7+ 38. Bd7 Nb5+ 39. Qxb5 f6 40. Nc6 Qf7 41. Qb8 e5 {[%emt 0:00:18] [#]} 42. Qg8+ $3 Qxg8 43. Bxf5+ 1-0

[Event "NED-ch U14 Youth 2019"]
[Site "Assen"]
[Date "2019.04.29"]
[Round "2.3"]
[White "De Winter, Arthur"]
[Black "Labruyere, Roger"]
[Result "1/2-1/2"]
[ECO "B90"]
[WhiteElo "1661"]
[BlackElo "1922"]
[Annotator "NA RC"]
[PlyCount "77"]
[EventDate "2019.04.28"]
[EventType "swiss"]
[EventCountry "NED"]
[SourceTitle "playchess.com"]
[Source "ChessBase"]
[SourceQuality "1"]
[TimeControl "5400+30"]

1. e4 c5 2. Nf3 d6 3. d4 cxd4 4. Nxd4 Nf6 5. Nc3 a6 6. h3 e5 7. Nb3 h5 {[%emt 0:01:47] B90: Sicilian Najdorf: Unusual White 6th moves, 6 Be3 Ng4 and 6 Be3 e5} (7... Be6 8. f4 exf4 9. Bxf4 Nc6 10. Qe2 Be7 11. O-O-O Qc7 12. g4 O-O 13. g5 Nd7 14. Qe3 Rac8 15. Kb1 {1-0 (60) Van Foreest,J (2612)-Nepomniachtchi,I (2763) Wijk aan Zee 2019}) 8. Be3 Be7 9. Nd5 $146 ({Predecessor:} 9. Qd2 Be6 10. O-O-O Nbd7 11. f4 Rc8 12. Kb1 b5 13. Bd3 h4 14. Rhe1 Qc7 15. a3 {0-1 (46) Zhigalko,A (2589)-Andriasian,Z (2605) Warsaw 2012}) 9... Nbd7 ({Black should try} 9... Nxd5 $11 10. exd5 (10. Qxd5 Nc6 $11) 10... Bf5) 10. Bd3 (10. Nxe7 $14 Qxe7 11. Bg5) 10... b5 (10... Nxd5 $11 {keeps the balance.} 11. exd5 b5) 11. a4 (11. Nxe7 $16 Kxe7 12. a4) 11... Nxd5 12. exd5 Bb7 13. axb5 axb5 14. Bxb5 Rxa1 15. Qxa1 Bxd5 16. O-O O-O 17. c4 Be6 18. Qa7 f5 19. f4 g5 $2 {[%emt 0:03:23] [#]} (19... Bf6 $11 {and Black is okay.}) 20. fxe5 $1 Nxe5 21. Bb6 Qb8 22. Qxe7 Qxb6+ 23. Kh1 Bf7 24. Rxf5 g4 25. Qf6 Qe3 $2 (25... gxh3 {was worth a try.} 26. Rg5+ Bg6 27. Rxg6+ Nxg6 28. Qxg6+ {[%mdl 64] Double Attack} Kh8 29. Qh6+ Kg8 30. Qg5+ Kh7 31. Qxh5+ {[%mdl 64] Double Attack} Kg8 32. Qd5+ Kh8 33. Qh5+ {[%mdl 64] Double Attack} Kg7 34. Qg4+ Kf7 35. gxh3 Qe3) 26. Rg5+ Bg6 27. Rxg6+ Nxg6 28. Qxg6+ {[%emt 0:00:06] Double Attack} Kh8 29. Qxh5+ Kg7 30. Qxg4+ Kh7 31. Qd7+ Kh8 32. Qxd6 Rf1+ 33. Kh2 Qg1+ 34. Kg3 Qf2+ 35. Kh2 $11 ({Avoid the trap} 35. Kg4 $2 Qxg2+ 36. Qg3 Qe4+ 37. Kh5 Rf5+ 38. Qg5 Qf3+ 39. Kh4 Rxg5 $19) 35... Qg1+ 36. Kg3 Qf2+ 37. Kh2 Qg1+ 38. Kg3 Qf2+ 39. Kh2 1/2-1/2

[Event "NED-ch U14 Youth 2019"]
[Site "Assen"]
[Date "2019.04.29"]
[Round "2.4"]
[White "Franke, Daniel"]
[Black "Boghossian, Wahe"]
[Result "0-1"]
[ECO "B14"]
[WhiteElo "1465"]
[BlackElo "1820"]
[Annotator "NA RC"]
[PlyCount "68"]
[EventDate "2019.04.28"]
[EventType "swiss"]
[EventCountry "NED"]
[SourceTitle "playchess.com"]
[Source "ChessBase"]
[SourceQuality "1"]
[TimeControl "5400+30"]

1. d4 Nf6 2. c4 e6 3. Nc3 c5 4. e3 cxd4 5. exd4 d5 6. c5 Nc6 7. Nf3 Be7 8. Be3 {[%emt 0:02:40] B14: Caro-Kann: Panov-Botvinnik Attack with 5...e6 and 5...g6} (8. Bb5 O-O 9. O-O Qc7 10. Re1 h6 11. g3 Rd8 12. Bf4 Qa5 13. Ba4 Ne4 14. Nxe4 dxe4 15. Rxe4 b5 16. Bb3 Bb7 17. Qe2 {1-0 (25) Li,C (2739)-Shytaj,L (2465) Germany 2017}) 8... O-O 9. Be2 b6 10. Bb5 Bb7 11. Bxc6 Bxc6 12. Ne5 Rc8 $146 (12... Be8 $15) ({Predecessor:} 12... Qc7 13. Bf4 Qb7 14. Nxc6 Qxc6 {0-1 (35) Pammer,A (2086)-Mostbauer,F (2342) Austria 2018}) 13. b4 bxc5 14. dxc5 Nd7 15. Nxd7 $2 (15. Nxc6 $14 {was the only good move.} Rxc6 16. O-O) 15... Qxd7 16. Bd4 $2 {[%emt 0:18:31] [#]} (16. O-O $17) 16... Rfe8 $2 ({Better is} 16... e5 $1 $19 17. Bxe5 Qe6) 17. O-O f6 18. f4 {[%emt 0:01:34] [#]} Bd8 ({Black should try} 18... a5 $1 $15 19. a3 (19. bxa5 Qa7) 19... Rb8) 19. Re1 Bc7 20. Qb3 Bxf4 ({Black should try} 20... Rb8 $17 21. a4 a6) 21. b5 Ba8 22. c6 Qc7 23. g3 Bd2 (23... Bxg3 $5 24. hxg3 Qxg3+ 25. Kf1 Qf3+ 26. Bf2 {[#]} a6 $1 $15 ) 24. Re2 Bxc3 25. Qxc3 Rb8 26. Rb2 e5 27. Bc5 d4 (27... a6 $5 28. a4 $8 Bxc6 29. bxc6 Qxc6 $11) 28. Qb3+ Kh8 29. Qa3 $2 (29. Rc1 $1 $11) 29... d3 30. Rab1 $19 {[%emt 0:04:07] [#]} ({Don't blunder} 30. Bxa7 $2 {[#]} Rxb5 $3 {[%mdl 576] Remove Defender} 31. Rxb5 Qxc6 $19) (30. Qxa7 $16 Qc8 31. Bb6 Bxc6 32. bxc6 Qxc6 33. Rab1) 30... d2 $4 (30... Rxb5 $1 $19 31. Rxb5 Qxc6) 31. Be3 Rxb5 32. Rxb5 Qxc6 33. Rb7 Bxb7 34. Rxb7 d1=Q+ 0-1

[Event "NED-ch U14 Youth 2019"]
[Site "Assen"]
[Date "2019.04.29"]
[Round "2.5"]
[White "Van der Hagen, Loek"]
[Black "Shadrin, Mitia"]
[Result "1-0"]
[ECO "B76"]
[WhiteElo "1931"]
[BlackElo "1692"]
[Annotator "NA RC"]
[PlyCount "55"]
[EventDate "2019.04.28"]
[EventType "swiss"]
[EventCountry "NED"]
[SourceTitle "playchess.com"]
[Source "ChessBase"]
[SourceQuality "1"]
[TimeControl "5400+30"]

1. e4 c5 2. Nf3 d6 3. d4 cxd4 4. Nxd4 Nf6 5. Nc3 g6 6. Be3 Bg7 7. f3 $1 O-O 8. Qd2 Nc6 9. O-O-O Bd7 (9... d5 $11) 10. h4 Rc8 11. g4 Qa5 {[%emt 0:00:13] B76: Sicilian Dragon: Yugoslav Attack, 9 g4 and 9 0-0-0} (11... Ne5 12. Kb1 Qa5 13. Nd5 Qxd2 14. Nxe7+ Kh8 15. Bxd2 Rce8 16. h5 Nfxg4 17. fxg4 Nxg4 18. hxg6 Rxe7 19. Nf5 Bxf5 20. Rxh7+ {1-0 (34) Ponkratov,P (2605)-Amonatov,F (2637) Izhevsk 2013}) 12. h5 ({Better is} 12. Nb3 $16 Qc7 13. h5) 12... Nb4 $1 13. Kb1 $1 $146 ({Predecessor:} 13. a3 Rxc3 14. Nb3 Rxc2+ 15. Qxc2 Nxc2 16. Nxa5 Nxe3 17. Re1 Nxf1 18. Rexf1 Re8 19. Kb1 {0-1 (74) Romashova,A-Grom,O Lvov 1999}) 13... Bxg4 $2 (13... Rxc3 $1 $11 {and Black has nothing to worry.} 14. Qxc3 Qxa2+ 15. Kc1 Qa5) 14. a3 Bxh5 15. axb4 Qxb4 16. Be2 Rxc3 17. Qxc3 Qxc3 18. bxc3 Rc8 (18... Nxe4 $142 19. fxe4 Bxd4) 19. Rh2 Rxc3 20. Rd3 Rxd3 21. cxd3 d5 22. Nb3 b6 23. Kc1 dxe4 24. fxe4 Ng4 25. Bxg4 Bxg4 26. Ra2 Be6 27. Rxa7 Bxb3 (27... h5 $18 28. Nd2 (28. Rxe7 Bxb3 29. Kd2 h4 $14) 28... Be5) 28. Ra8+ 1-0